[Event "ICC tourney 2552 (3 2)"]
[Site "Internet Chess Club"]
[Date "2021.05.07"]
[Round "5"]
[White "RAMANUJA, KESHAV:K05-30040275"]
[Black "WU, TERRAIN:K01-30135638"]
[Result "0-1"]
[ICCResult "White forfeits on time"]
[WhiteElo "1400"]
[BlackElo "1400"]
[Opening "Giuoco Pianissimo"]
[ECO "C50"]
[NIC "IG.02"]
[Time "19:46:33"]
[PlyCount "34"]
[TimeControl "180+2"]

1. e4 e5 2. Nf3 Nc6 3. Bc4 Bc5 4. d3 Nf6 5. Ng5 O-O 6. Nf3 d6 7. Bg5 Bg4 8.
c3 Re8 9. h3 Bh5 10. b4 Bb6 11. a4 a6 12. a5 Ba7 13. Bd2 h6 14. Bb3 Rc8 15.
c4 Nd4 16. g4 Nxg4 17. hxg4 Bxg4 { White forfeits on time } 0-1

[Event "ICC tourney 2552 (3 2)"]
[Site "Internet Chess Club"]
[Date "2021.05.07"]
[Round "5"]
[White "GRACE KINNEY, ELLA:K06-16939048"]
[Black "PARHAR, VIVAAN:K05-16000954"]
[Result "1-0"]
[ICCResult "Black checkmated"]
[WhiteElo "1400"]
[BlackElo "1400"]
[Opening "French: advance, Paulsen attack"]
[ECO "C02"]
[NIC "FR.03"]
[Time "19:45:31"]
[PlyCount "91"]
[TimeControl "180+2"]

1. e4 e6 2. d4 d5 3. e5 c5 4. c3 Nc6 5. Nf3 Qb6 6. Be2 Bd7 7. O-O Nh6 8.
Na3 Nf5 9. b3 cxd4 10. cxd4 Nfxd4 11. Nxd4 Nxd4 12. Be3 Bxa3 13. Bxd4 Bc5
14. Bxc5 Qxc5 15. Rc1 Qb6 16. Bf3 O-O 17. Qd3 f6 18. exf6 Rxf6 19. Rfe1
Rff8 20. Bxd5 exd5 21. Qxd5+ Be6 22. Qxe6+ Qxe6 23. Rxe6 Rad8 24. Rce1 Rd2
25. R6e2 Rdd8 26. h3 h6 27. Re7 Rd2 28. Rxb7 Rdxf2 29. Ree7 Rf1+ 30. Kh2
R1f7 31. Rxa7 Kh7 32. Rxf7 Rxf7 33. Rxf7 Kg6 34. Rb7 Kg5 35. a4 Kf5 36. a5
Ke6 37. a6 Kd6 38. a7 Ke5 39. a8=Q Kf4 40. Qe8 Kg5 41. Rxg7+ Kf5 42. Rf7+
Kg5 43. Qe5+ Kg6 44. Rf6+ Kg7 45. Qe7+ Kg8 46. Rf8# { Black checkmated }
1-0

[Event "ICC tourney 2552 (3 2)"]
[Site "Internet Chess Club"]
[Date "2021.05.07"]
[Round "5"]
[White "WANG, OLLI:K06-17042860"]
[Black "MARIMUTHU, ASHWIN:K06-16548496"]
[Result "1-0"]
[ICCResult "Black resigns"]
[WhiteElo "1400"]
[BlackElo "1400"]
[Opening "Scotch opening"]
[ECO "C44"]
[NIC "KP.10"]
[Time "19:46:31"]
[PlyCount "55"]
[TimeControl "180+2"]

1. e4 e5 2. d4 Nc6 3. Nf3 Nf6 4. dxe5 Ng4 5. h3 Ngxe5 6. Nxe5 Nxe5 7. Bf4
Nc6 8. Bc4 Bc5 9. Bxf7+ Kxf7 10. Qd5+ Ke8 11. Qxc5 Qh4 12. Qg5 Qxg5 13.
Bxg5 Kf8 14. O-O d6 15. Nc3 b6 16. Nd5 h6 17. Bf4 g5 18. Be3 a5 19. Nxc7
Ra7 20. Nb5 Re7 21. Nxd6 Rd7 22. Nxc8 Nb4 23. Nxb6 Ra7 24. Nd7+ Kg7 25.
Bxa7 Nxc2 26. Rac1 Nb4 27. Bd4+ Kg6 28. Bxh8 { Black resigns } 1-0

[Event "ICC tourney 2552 (3 2)"]
[Site "Internet Chess Club"]
[Date "2021.05.07"]
[Round "5"]
[White "AGNIHOTRI, AADI:K05-16443397"]
[Black "HOJA, SAEED:K01-17050607"]
[Result "1-0"]
[ICCResult "Black forfeits on time"]
[WhiteElo "1400"]
[BlackElo "1400"]
[Opening "Scotch gambit"]
[ECO "C44"]
[NIC "SO.06"]
[Time "19:45:58"]
[PlyCount "35"]
[TimeControl "180+2"]

1. e4 e5 2. Nf3 Nc6 3. d4 exd4 4. Bc4 d6 5. O-O Bg4 6. h3 Bd7 7. Ng5 Ne5 8.
Qh5 g6 9. Qe2 Bh6 10. Bf4 Bxg5 11. Bxe5 dxe5 12. Nd2 Ne7 13. Qf3 f5 14.
exf5 Bxf5 15. Nb3 Bf6 16. g4 Bd7 17. Qxf6 Rf8 18. Qxe5 { Black forfeits on
time } 1-0

[Event "ICC tourney 2552 (3 2)"]
[Site "Internet Chess Club"]
[Date "2021.05.07"]
[Round "5"]
[White "MICHAEL BAR, NATHAN:K01-30163724"]
[Black "ZIZOLD, VICTORIA:K05-16744153"]
[Result "1-0"]
[ICCResult "Black checkmated"]
[WhiteElo "1400"]
[BlackElo "1400"]
[Opening "Petrov: Damiano variation"]
[ECO "C42"]
[NIC "RG.03"]
[Time "19:45:28"]
[PlyCount "85"]
[TimeControl "180+2"]

1. e4 e5 2. Nf3 Nf6 3. Nxe5 Nxe4 4. Qe2 Ng5 5. Nc6+ Be7 6. Nxd8 Kxd8 7. d4
Re8 8. Qh5 f5 9. Bxg5 Bxg5+ 10. Be2 g6 11. Qxg5+ Re7 12. Nc3 Ke8 13. Nd5
Re4 14. Nxc7+ Kf7 15. Nxa8 d6 16. Nc7 Nc6 17. Qh6 Kf6 18. Nd5+ Ke6 19. Nc3
Rh4 20. Qe3+ Kf6 21. Nd5+ Kf7 22. Qg3 Rh5 23. Bxh5 gxh5 24. Qg5 Be6 25.
Qxh5+ Kg7 26. Nf4 Kf6 27. Nxe6 Kxe6 28. O-O-O Kf6 29. Rde1 d5 30. Qh6+ Kf7
31. Qe6+ Kg7 32. Qd7+ Kg6 33. Re6+ Kg5 34. Qg7+ Kf4 35. g3+ Kf3 36. Re3+
Kg2 37. Qxb7 Nxd4 38. Qxd5+ Kh3 39. Qxd4 h6 40. Qh4+ Kg2 41. Ree1 h5 42.
Rhg1+ Kf3 43. Qf4# { Black checkmated } 1-0

[Event "ICC tourney 2552 (3 2)"]
[Site "Internet Chess Club"]
[Date "2021.05.07"]
[Round "5"]
[White "THIMMASAMUDRAM, SANDEEP:K05-16278356"]
[Black "BHOWMICK, ISHAAN:K01-30129149"]
[Result "1-0"]
[ICCResult "Black checkmated"]
[WhiteElo "1400"]
[BlackElo "1461"]
[Opening "King's pawn game"]
[ECO "C50"]
[NIC "IG.03"]
[Time "19:46:09"]
[PlyCount "73"]
[TimeControl "180+2"]

1. e4 e5 2. Nf3 Nc6 3. Bc4 d6 4. Nc3 g6 5. d3 Bg7 6. Bg5 Nf6 7. O-O O-O 8.
h3 h6 9. Bh4 g5 10. Bg3 Be6 11. Bb3 Bxb3 12. axb3 Nd4 13. Nxd4 exd4 14. Ne2
c5 15. f4 gxf4 16. Bxf4 Nh5 17. Qd2 Nxf4 18. Qxf4 Qe7 19. Ng3 Be5 20. Qg4+
Kh7 21. Qf5+ Kg7 22. Nh5+ Kg8 23. Qg4+ Kh7 24. Qf5+ Kg8 25. c3 dxc3 26.
bxc3 Kh8 27. d4 cxd4 28. cxd4 Bxd4+ 29. Kh1 Bxa1 30. Rxa1 f6 31. Rf1 Rac8
32. Qf4 Rc3 33. Qxh6+ Kg8 34. Rf4 Rc1+ 35. Kh2 Qf7 36. Rg4+ Qg7 37. Rxg7# {
Black checkmated } 1-0

[Event "ICC tourney 2552 (3 2)"]
[Site "Internet Chess Club"]
[Date "2021.05.07"]
[Round "5"]
[White "BADAM, GAUTHAM:K01-30070352"]
[Black "NILES, NOAH:K05-30027195"]
[Result "0-1"]
[ICCResult "White checkmated"]
[WhiteElo "1400"]
[BlackElo "1400"]
[Opening "Robatsch (modern) defense"]
[ECO "B06"]
[NIC "KF.06"]
[Time "19:45:21"]
[PlyCount "78"]
[TimeControl "180+2"]

1. e4 g6 2. Nf3 Bg7 3. Bd3 d6 4. O-O Nf6 5. c4 Nc6 6. Nc3 Bg4 7. h3 Bh5 8.
Nb5 Bxf3 9. Qxf3 a6 10. Nc3 Nd4 11. Qe3 c5 12. Nd5 O-O 13. b4 Nxd5 14. cxd5
Ne2+ 15. Qxe2 Bxa1 16. Ba3 Bg7 17. Qg4 cxb4 18. Bxb4 Qb6 19. Ba3 Qa5 20.
Bc1 Qxa2 21. Be2 Rac8 22. Qg3 Rxc1 23. Rxc1 Qxd2 24. Rd1 Qxe2 25. Re1 Qxe1+
26. Kh2 Be5 27. f4 Qxg3+ 28. Kxg3 Bd4 29. Kg4 a5 30. f5 gxf5+ 31. exf5 a4
32. h4 a3 33. h5 a2 34. h6 a1=Q 35. Kh5 Qh1+ 36. Kg5 Qxg2+ 37. Kh5 Kh8 38.
Kh4 Rg8 39. Kh5 Qh1# { White checkmated } 0-1

[Event "ICC tourney 2552 (3 2)"]
[Site "Internet Chess Club"]
[Date "2021.05.07"]
[Round "5"]
[White "LIU, ALEC:K03-30020673"]
[Black "YURKO, MAXWELL:K06-30167737"]
[Result "0-1"]
[ICCResult "White checkmated"]
[WhiteElo "1400"]
[BlackElo "1400"]
[Opening "Queen's pawn: Charlick (Englund) gambit"]
[ECO "A40"]
[NIC "QO.17"]
[Time "19:46:33"]
[PlyCount "52"]
[TimeControl "180+2"]

1. d4 e5 2. Nf3 exd4 3. Nxd4 Bc5 4. Nf3 Nf6 5. Bd2 O-O 6. Nc3 d5 7. Nxd5
Nxd5 8. e3 Bf5 9. Be2 Nb4 10. O-O Nxc2 11. Qe1 Nxe1 12. Rfxe1 Bg4 13. Ne5
Bxe2 14. Rxe2 Nc6 15. Nf3 Bb4 16. Bxb4 Nxb4 17. Rd1 Nd3 18. Red2 Qf6 19.
Rxd3 Qxb2 20. Ne1 h6 21. Nf3 Qxa2 22. Ne5 c5 23. Nxf7 Rxf7 24. Rd8+ Rxd8
25. Rxd8+ Kh7 26. Ra8 Qb1# { White checkmated } 0-1

[Event "ICC tourney 2552 (3 2)"]
[Site "Internet Chess Club"]
[Date "2021.05.07"]
[Round "5"]
[White "POLICELLI, CYRUS:K05-16341942"]
[Black "LIU, DAVID:K05-15646077"]
[Result "0-1"]
[ICCResult "White resigns"]
[WhiteElo "1261"]
[BlackElo "1400"]
[Opening "Giuoco Pianissimo"]
[ECO "C50"]
[NIC "IG.02"]
[Time "19:46:01"]
[PlyCount "54"]
[TimeControl "180+2"]

1. e4 e5 2. Nf3 Nc6 3. Bc4 Bc5 4. d3 Nf6 5. Bg5 O-O 6. Nc3 h6 7. Bxf6 Qxf6
8. Nd5 Qg6 9. Rg1 d6 10. Nh4 Qe6 11. Nxc7 Qf6 12. Nf3 Rb8 13. Nd5 Qd8 14.
g3 Bg4 15. Rh1 Nd4 16. Nxd4 Bxd1 17. Rxd1 Bxd4 18. c3 Bc5 19. d4 Bb6 20.
Nxb6 axb6 21. dxe5 Rc8 22. Rxd6 Qg5 23. Bd5 Qxe5 24. Rxb6 Rfe8 25. Rxb7
Rcd8 26. Bc6 Re6 27. Bd5 Rxd5 { White resigns } 0-1

[Event "ICC tourney 2552 (3 2)"]
[Site "Internet Chess Club"]
[Date "2021.05.07"]
[Round "5"]
[White "RAJEEV, AMEYA:K05-16305755"]
[Black "NITIN PATIL, AARADHYA:K03-17349055"]
[Result "1-0"]
[ICCResult "Black checkmated"]
[WhiteElo "1400"]
[BlackElo "1253"]
[Opening "Scotch gambit"]
[ECO "C44"]
[NIC "SO.06"]
[Time "19:45:45"]
[PlyCount "61"]
[TimeControl "180+2"]

1. e4 e5 2. Nf3 Nc6 3. d4 exd4 4. Bc4 Bc5 5. c3 dxc3 6. Bxf7+ Kxf7 7. Qd5+
Ke8 8. Qxc5 cxb2 9. Bxb2 Nf6 10. e5 Ng8 11. O-O Nge7 12. Qc4 d5 13. exd6
Qxd6 14. Nc3 Be6 15. Qe2 Kf7 16. Ng5+ Ke8 17. Nxe6 Rg8 18. Nb5 Qd7 19.
Nexc7+ Kd8 20. Nxa8 a6 21. Rad1 Nd5 22. Nb6 Nxb6 23. Rxd7+ Nxd7 24. Nd4
Nxd4 25. Bxd4 Re8 26. Qd2 Kc8 27. Rc1+ Kb8 28. Qf4+ Ka8 29. Be3 Nf6 30. Qd4
Kb8 31. Qa7# { Black checkmated } 1-0

[Event "ICC tourney 2552 (3 2)"]
[Site "Internet Chess Club"]
[Date "2021.05.07"]
[Round "5"]
[White "RAHUL PAREKH, KANAK:K03-16747551"]
[Black "THOMPSON, PETER:K06-16717682"]
[Result "1-0"]
[ICCResult "Black checkmated"]
[WhiteElo "1400"]
[BlackElo "1400"]
[Opening "King's pawn game"]
[ECO "C50"]
[NIC "IG.03"]
[Time "19:46:02"]
[PlyCount "89"]
[TimeControl "180+2"]

1. e4 e5 2. Nf3 Nc6 3. Bc4 d6 4. d4 Be6 5. d5 Bxd5 6. exd5 Nce7 7. Bb5+ c6
8. dxc6 Nxc6 9. Qd5 Nf6 10. Bxc6+ bxc6 11. Qxc6+ Nd7 12. Nc3 Rc8 13. Qe4
Nc5 14. Qd5 Be7 15. O-O O-O 16. Re1 a5 17. Be3 Qb6 18. Bxc5 Rxc5 19. Qb3
Qxb3 20. axb3 f5 21. Ra4 e4 22. Nd4 Bf6 23. Ne6 Rxc3 24. bxc3 Re8 25. Nd4
Bxd4 26. cxd4 Rc8 27. c4 Kf7 28. Rxa5 g5 29. Rxf5+ Kg6 30. Rd5 Rd8 31. Rxe4
h5 32. Re6+ Kf7 33. Rexd6 Rxd6 34. Rxd6 Ke7 35. Rg6 g4 36. Rg5 Kf6 37. Rxh5
Ke6 38. Rg5 g3 39. Rxg3 Kd6 40. h4 Ke7 41. h5 Kf7 42. h6 Ke6 43. h7 Kf5 44.
h8=Q Kf4 45. Qe5# { Black checkmated } 1-0

[Event "ICC tourney 2552 (3 2)"]
[Site "Internet Chess Club"]
[Date "2021.05.07"]
[Round "5"]
[White "KIRILOV SAKALIYSKI, CHRISTOPHER:K05-16115040"]
[Black "VARADA, PRAHARSH:K05-30168995"]
[Result "1-0"]
[ICCResult "Black checkmated"]
[WhiteElo "1400"]
[BlackElo "1229"]
[Opening "English opening"]
[ECO "A20"]
[NIC "EO.24"]
[Time "19:46:02"]
[PlyCount "89"]
[TimeControl "180+2"]

1. c4 e5 2. g3 Nf6 3. Bg2 d5 4. Nc3 dxc4 5. Qa4+ Nc6 6. Bxc6+ bxc6 7. Qxc6+
Bd7 8. Qxc4 Bd6 9. Nf3 O-O 10. O-O Be6 11. Qd3 Re8 12. Ne4 Be7 13. Nxf6+
Bxf6 14. Qxd8 Rexd8 15. d3 Bg4 16. Kg2 Bxf3+ 17. Kxf3 Rd4 18. Be3 Rb4 19.
Rab1 Ra4 20. a3 a6 21. Rfc1 Rc8 22. Bb6 c6 23. Rc5 Rd4 24. Rc3 Rd6 25. e4
Be7 26. Bc5 Rd7 27. Ke3 Bg5+ 28. f4 exf4+ 29. gxf4 Bf6 30. e5 Be7 31. Rbc1
Bxc5+ 32. Rxc5 Rdc7 33. d4 f5 34. d5 h6 35. Rxc6 Rxc6 36. Rxc6 Rd8 37. d6
g6 38. Rxa6 g5 39. e6 gxf4+ 40. Kxf4 Rf8 41. d7 Rd8 42. e7 Rxd7 43. e8=Q+
Kg7 44. Rg6+ Kh7 45. Qg8# { Black checkmated } 1-0

[Event "ICC tourney 2552 (3 2)"]
[Site "Internet Chess Club"]
[Date "2021.05.07"]
[Round "5"]
[White "M TAHER, MIKAEEL:K06-30143633"]
[Black "DORON REPA, HILLEL:K03-16771628"]
[Result "1-0"]
[ICCResult "Black checkmated"]
[WhiteElo "1400"]
[BlackElo "1400"]
[Opening "Sicilian"]
[ECO "B50"]
[NIC "SI.01"]
[Time "19:46:02"]
[PlyCount "127"]
[TimeControl "180+2"]

1. e4 c5 2. Nf3 d6 3. Nc3 Nc6 4. Bc4 e6 5. O-O Nf6 6. d3 Be7 7. Be3 O-O 8.
d4 cxd4 9. Nxd4 a6 10. Nxc6 bxc6 11. Bb3 a5 12. a4 Ba6 13. Re1 d5 14. exd5
Nxd5 15. Nxd5 cxd5 16. Bf4 Bd6 17. Bxd6 Qxd6 18. c4 Rab8 19. cxd5 exd5 20.
Qxd5 Qxd5 21. Bxd5 Rxb2 22. h3 h6 23. Re3 Rd2 24. Be4 Re2 25. Rxe2 Bxe2 26.
Rb1 f5 27. Bd5+ Kh7 28. Rb6 Rd8 29. Be6 Rd1+ 30. Kh2 Ra1 31. Bxf5+ Kg8 32.
Bg6 Kf8 33. Rb8+ Ke7 34. Re8+ Kf6 35. Rxe2 Rxa4 36. Bc2 Ra2 37. g4 a4 38.
Bd3 Ra1 39. Bc4 Kg5 40. Ra2 Rxa2 41. Bxa2 a3 42. Kg3 Kf6 43. f4 Ke7 44. g5
hxg5 45. fxg5 Kd6 46. h4 Kc5 47. Kf4 Kb4 48. Bf7 Kc3 49. h5 Kb2 50. h6 gxh6
51. gxh6 a2 52. Bxa2 Kxa2 53. h7 Kb3 54. h8=Q Kc4 55. Qe5 Kb3 56. Qd4 Kc2
57. Qe3 Kb2 58. Qd3 Ka2 59. Qc3 Kb1 60. Qd2 Ka1 61. Ke3 Kb1 62. Kd3 Ka1 63.
Kc3 Kb1 64. Qb2# { Black checkmated } 1-0

[Event "ICC tourney 2552 (3 2)"]
[Site "Internet Chess Club"]
[Date "2021.05.07"]
[Round "5"]
[White "NAGASAI SASHANK KUNCHANAPALLI, HAVISH:K06-30136759"]
[Black "MUKHERJEE, SATHVIK:K03-30065329"]
[Result "1-0"]
[ICCResult "Black forfeits on time"]
[WhiteElo "1324"]
[BlackElo "1400"]
[Opening "Vienna gambit"]
[ECO "C25"]
[NIC "VG.04"]
[Time "19:45:34"]
[PlyCount "51"]
[TimeControl "180+2"]

1. e4 e5 2. Nc3 Nc6 3. f4 f6 4. fxe5 fxe5 5. Nf3 Nf6 6. d4 exd4 7. Nxd4
Nxd4 8. Qxd4 Qe7 9. Bc4 d6 10. O-O Be6 11. Bg5 Bxc4 12. Qxc4 c6 13. Rfe1
Qe5 14. Bh4 Be7 15. Bg3 Qh5 16. Qb3 b6 17. e5 dxe5 18. Rxe5 Qf7 19. Rae1
Ng8 20. Bh4 Qxb3 21. axb3 Nf6 22. Rxe7+ Kf8 23. Bxf6 gxf6 24. R7e6 Kf7 25.
Rxc6 Rhg8 26. Nd5 { Black forfeits on time } 1-0

[Event "ICC tourney 2552 (3 2)"]
[Site "Internet Chess Club"]
[Date "2021.05.07"]
[Round "5"]
[White "KRISHNA JOSHI, AADIT:K03-17152932"]
[Black "NATHAN, KRISH:K06-16190973"]
[Result "0-1"]
[ICCResult "White forfeits on time"]
[WhiteElo "1400"]
[BlackElo "1400"]
[Opening "Petrov's defense"]
[ECO "C42"]
[NIC "RG.03"]
[Time "19:45:51"]
[PlyCount "46"]
[TimeControl "180+2"]

1. e4 e5 2. Nf3 Nf6 3. Nxe5 Nc6 4. Nxc6 dxc6 5. Nc3 Bc5 6. Be2 h5 7. O-O
Ng4 8. Bxg4 Bxg4 9. Qe1 Qe7 10. d3 Bd6 11. d4 Bb4 12. Qd2 O-O-O 13. b3 Bxc3
14. Qxc3 Qd7 15. Be3 Rhe8 16. f3 Be6 17. Rad1 f6 18. e5 fxe5 19. dxe5 Qf7
20. Rxd8+ Rxd8 21. Qa1 Bf5 22. Qb1 Qg6 23. Rc1 Bh3 { White forfeits on time
} 0-1

[Event "ICC tourney 2552 (3 2)"]
[Site "Internet Chess Club"]
[Date "2021.05.07"]
[Round "5"]
[White "W ZHANG, ETHAN:K05-17088714"]
[Black "EUGENE DUNIKOV, DAVID:K03-16736200"]
[Result "0-1"]
[ICCResult "White checkmated"]
[WhiteElo "1400"]
[BlackElo "1400"]
[Opening "QP counter-gambit (elephant gambit)"]
[ECO "C40"]
[NIC "KP.10"]
[Time "19:45:21"]
[PlyCount "72"]
[TimeControl "180+2"]

1. e4 e5 2. Nf3 d5 3. exd5 e4 4. Qe2 Nf6 5. Nc3 Bf5 6. d3 Bb4 7. Ng5 Qxd5
8. Bd2 Bxc3 9. Bxc3 Bg4 10. Qe3 Nc6 11. dxe4 Qd7 12. Bxf6 gxf6 13. Nf3
O-O-O 14. Be2 Rhg8 15. O-O Bxf3 16. Bxf3 Ne5 17. Rad1 Qh3 18. Rxd8+ Kxd8
19. Rd1+ Kc8 20. g3 b6 21. Bg2 Qg4 22. f3 Qe6 23. f4 Ng4 24. Qf3 Qc6 25.
Bh3 Qc5+ 26. Kg2 Qxc2+ 27. Kg1 Qxh2+ 28. Kf1 Qxh3+ 29. Qg2 Ne3+ 30. Ke2
Qxg2+ 31. Kxe3 Rxg3+ 32. Kd4 Qxb2+ 33. Kc4 Qc2+ 34. Kb5 Qxd1 35. a4 Qb3+
36. Ka6 Qxa4# { White checkmated } 0-1

[Event "ICC tourney 2552 (3 2)"]
[Site "Internet Chess Club"]
[Date "2021.05.07"]
[Round "5"]
[White "STANLEY, GRANT:K01-17272740"]
[Black "CHANG, ANTHONY:K01-30154131"]
[Result "0-1"]
[ICCResult "White resigns"]
[WhiteElo "1071"]
[BlackElo "1400"]
[Opening "Giuoco Pianissimo: Canal variation"]
[ECO "C24"]
[NIC "IG.04"]
[Time "19:45:55"]
[PlyCount "56"]
[TimeControl "180+2"]

1. e4 e5 2. Bc4 Nf6 3. Nf3 Bc5 4. Nc3 d6 5. d3 Nc6 6. Bg5 Bb4 7. O-O Bxc3
8. bxc3 O-O 9. d4 h6 10. Be3 Ng4 11. h3 Nxe3 12. fxe3 Be6 13. d5 Na5 14.
Nd4 Nxc4 15. Rf3 Bd7 16. Rg3 c5 17. Qh5 Qf6 18. Ne6 Bxe6 19. dxe6 fxe6 20.
Qg4 d5 21. Rf1 Qxf1+ 22. Kh2 Qf7 23. Rf3 Qe7 24. Rg3 Qf7 25. Rf3 Qe7 26.
Rg3 Nb2 27. Qxg7+ Qxg7 28. Rxg7+ Kxg7 { White resigns } 0-1

[Event "ICC tourney 2552 (3 2)"]
[Site "Internet Chess Club"]
[Date "2021.05.07"]
[Round "5"]
[White "PIERRE LOUIS, ELANA:K05-17258051"]
[Black "CHAN, JACOB:K03-30165089"]
[Result "0-1"]
[ICCResult "White forfeits on time"]
[WhiteElo "1466"]
[BlackElo "1400"]
[Opening "Bishop's opening"]
[ECO "C23"]
[NIC "IG.04"]
[Time "19:45:24"]
[PlyCount "52"]
[TimeControl "180+2"]

1. e4 e5 2. Bc4 Nc6 3. Qf3 f6 4. Nh3 Bc5 5. Ng5 Nh6 6. Nf7 Nxf7 7. d3 O-O
8. d4 Bxd4 9. Be2 Ng5 10. Qg3 Nxe4 11. Qh4 Ng5 12. Bd3 e4 13. Be2 f5 14.
Bxg5 Bf6 15. Qf4 Bxg5 16. Bc4+ Kh8 17. Qg3 f4 18. Qg4 h6 19. Qe2 d5 20. Bb3
a5 21. Qd1 a4 22. Bxd5 Be6 23. Bxe6 Qxd1+ 24. Kxd1 Rad8+ 25. Nd2 e3 26.
fxe3 fxe3 { White forfeits on time } 0-1

[Event "ICC tourney 2552 (3 2)"]
[Site "Internet Chess Club"]
[Date "2021.05.07"]
[Round "5"]
[White "SUVOROV, ZACHARY:K06-30101116"]
[Black "ADDURI, MANSI:K03-17004388"]
[Result "0-1"]
[ICCResult "White checkmated"]
[WhiteElo "1400"]
[BlackElo "1400"]
[Opening "Scandinavian (center counter) defense"]
[ECO "B01"]
[NIC "SD.02"]
[Time "19:46:13"]
[PlyCount "94"]
[TimeControl "180+2"]

1. e4 d5 2. exd5 Qxd5 3. Nc3 Qd8 4. Nf3 Nf6 5. Bc4 Nc6 6. d4 Bg4 7. Bf4 e6
8. O-O Bd6 9. Be3 O-O 10. h3 Bh5 11. Be2 h6 12. Nd2 Bxe2 13. Qxe2 Nb4 14.
a3 Nxc2 15. Rac1 Nxe3 16. Qxe3 Re8 17. Nce4 Nd5 18. Qe1 Bf4 19. Rd1 Nf6 20.
Nxf6+ Qxf6 21. Ne4 Qg6 22. Qc3 Qxe4 23. Rde1 Qg6 24. Re2 Qh5 25. g3 Qxe2
26. gxf4 Qh5 27. Qg3 Qg6 28. Qg2 Qxg2+ 29. Kxg2 f6 30. Re1 Re7 31. f5 Rae8
32. fxe6 Rxe6 33. Rxe6 Rxe6 34. d5 Re2 35. a4 Rxb2 36. a5 Rd2 37. d6 Rxd6
38. a6 Rxa6 39. f4 c5 40. Kg3 c4 41. Kf3 c3 42. Ke2 c2 43. Kd2 Rc6 44. Ke3
c1=Q+ 45. Kf3 Rc4 46. Kg4 Qxf4+ 47. Kh5 Qf5# { White checkmated } 0-1

[Event "ICC tourney 2552 (3 2)"]
[Site "Internet Chess Club"]
[Date "2021.05.07"]
[Round "5"]
[White "JAYAKEERTHI, TANUSH:K05-30169829"]
[Black "BULUSU, PHANEENDRA:K03-16661467"]
[Result "0-1"]
[ICCResult "White checkmated"]
[WhiteElo "1400"]
[BlackElo "1400"]
[Opening "Four knights: Spanish, classical defense"]
[ECO "C48"]
[NIC "KP.03"]
[Time "19:45:54"]
[PlyCount "116"]
[TimeControl "180+2"]

1. e4 e5 2. Nf3 Nc6 3. Bb5 Nf6 4. Nc3 Bc5 5. Bxc6 dxc6 6. d4 exd4 7. Nxd4
Qxd4 8. Be3 Qxd1+ 9. Rxd1 Bxe3 10. fxe3 Bg4 11. Ne2 Bxe2 12. Kxe2 Nxe4 13.
Rd4 Nd6 14. e4 O-O 15. e5 Rfe8 16. Kd2 Nb5 17. Rd3 Rad8 18. Ke3 Rxd3+ 19.
Kxd3 Rxe5 20. Rd1 Rd5+ 21. Ke2 Rxd1 22. Kxd1 Kf8 23. c3 Ke7 24. c4 Nd6 25.
Kd2 Nxc4+ 26. Kd3 Nxb2+ 27. Kc3 Nd1+ 28. Kc2 Ne3+ 29. Kd3 Nxg2 30. Ke4 Ne1
31. h4 Nc2 32. Kf5 Nb4 33. h5 g6+ 34. Kg5 gxh5 35. a3 Nd5 36. a4 Ke6 37. a5
a6 38. Kh6 Ne3 39. Kg5 Nc4 40. Kf4 Nxa5 41. Kg5 c5 42. Kxh5 c4 43. Kh6 c3
44. Kxh7 c2 45. Kg7 c1=Q 46. Kf8 c5 47. Ke8 c4 48. Kd8 c3 49. Kc8 c2 50.
Kc7 Qd1 51. Kb6 c1=Q 52. Kxa5 Qc3+ 53. Kb6 Qdb3+ 54. Ka7 Qc5+ 55. Kb8 Qd3
56. Kxb7 Qdb5+ 57. Ka8 Qcc6+ 58. Ka7 Qcb7# { White checkmated } 0-1

[Event "ICC tourney 2552 (3 2)"]
[Site "Internet Chess Club"]
[Date "2021.05.07"]
[Round "5"]
[White "UDAY KAVALE, SOURISH:K06-16328330"]
[Black "FORESTAL, LUC ANDRA:K05-16346012"]
[Result "1-0"]
[ICCResult "Black checkmated"]
[WhiteElo "1400"]
[BlackElo "1400"]
[Opening "Scotch game"]
[ECO "C45"]
[NIC "SO.04"]
[Time "19:46:02"]
[PlyCount "125"]
[TimeControl "180+2"]

1. e4 e5 2. Nf3 Nc6 3. d4 exd4 4. Nxd4 Nge7 5. Nxc6 Nxc6 6. Nc3 g6 7. Bc4
Bg7 8. Qd5 O-O 9. Bg5 Qe8 10. O-O Qe6 11. Qxe6 dxe6 12. Rab1 f6 13. Be3 Kh8
14. Nb5 Nb4 15. Nxc7 Rb8 16. c3 Nc2 17. Bxa7 Bd7 18. Bxb8 Rxb8 19. Bxe6
Bxe6 20. Nxe6 Re8 21. Nxg7 Kxg7 22. f3 Ne3 23. Rfe1 Nc4 24. b3 Nb6 25. c4
Nd7 26. f4 Nc5 27. e5 fxe5 28. Rxe5 Rxe5 29. fxe5 Kf7 30. Re1 Ke6 31. Re3
b6 32. Kf2 Nd7 33. Rh3 h5 34. Re3 Nxe5 35. Kg3 Kf5 36. Rxe5+ Kxe5 37. Kf3
Kf5 38. b4 g5 39. h3 Kf6 40. a4 Ke6 41. a5 bxa5 42. bxa5 g4+ 43. hxg4 hxg4+
44. Kxg4 Kd6 45. Kf5 Kc5 46. g4 Kxc4 47. g5 Kb5 48. g6 Kxa5 49. g7 Kb4 50.
g8=R Kc3 51. Rd8 Kc2 52. Ke4 Kc3 53. Rd4 Kc2 54. Rd3 Kb2 55. Kd4 Kc2 56.
Kc4 Kc1 57. Kc3 Kb1 58. Rd2 Kc1 59. Kd3 Kb1 60. Rc2 Ka1 61. Kc3 Kb1 62. Kb3
Ka1 63. Rc1# { Black checkmated } 1-0

[Event "ICC tourney 2552 (3 2)"]
[Site "Internet Chess Club"]
[Date "2021.05.07"]
[Round "5"]
[White "RAMANUJA, MADHAV:K03-30040317"]
[Black "DUNIKOV, GLIB:K05-16572317"]
[Result "0-1"]
[ICCResult "White checkmated"]
[WhiteElo "1400"]
[BlackElo "1400"]
[Opening "Dutch"]
[ECO "A80"]
[NIC "HD.12"]
[Time "19:46:02"]
[PlyCount "66"]
[TimeControl "180+2"]

1. d4 f5 2. Nf3 Nf6 3. c4 g6 4. Nc3 Bg7 5. e3 O-O 6. Bd3 d6 7. Bd2 Qe8 8.
Qc2 e5 9. dxe5 dxe5 10. Be2 Nc6 11. O-O-O e4 12. Nd4 Nxd4 13. exd4 a5 14.
Be3 a4 15. a3 c6 16. h4 h5 17. Qd2 Kh7 18. Kb1 Bd7 19. d5 cxd5 20. Nxd5
Nxd5 21. Qxd5 Bc6 22. Qd2 b5 23. Bg5 bxc4 24. Bxc4 Rb8 25. b4 axb3 26. Qd6
Ba4 27. Qc7 b2 28. Rd6 Rc8 29. Qa7 Rxc4 30. Rd2 Qc6 31. Re1 Rc1+ 32. Rxc1
Qxc1+ 33. Ka2 b1=Q# { White checkmated } 0-1

[Event "ICC tourney 2552 (3 2)"]
[Site "Internet Chess Club"]
[Date "2021.05.07"]
[Round "5"]
[White "XUE, JACK:K03-17241051"]
[Black "SELVAM, SWAGATHA:K05-16203181"]
[Result "0-1"]
[ICCResult "White resigns"]
[WhiteElo "1348"]
[BlackElo "1400"]
[Opening "Sicilian: Alapin's variation (2.c3)"]
[ECO "B22"]
[NIC "SI.46"]
[Time "19:46:07"]
[PlyCount "70"]
[TimeControl "180+2"]

1. e4 c5 2. c3 d6 3. d4 cxd4 4. cxd4 Nf6 5. Nc3 g6 6. Nf3 Bg7 7. Be3 O-O 8.
Bd3 Nc6 9. O-O b6 10. Bh6 Bxh6 11. d5 Ne5 12. Nxe5 dxe5 13. Qa4 Bd7 14. Qa3
e6 15. f3 Be3+ 16. Kh1 exd5 17. Nxd5 Nxd5 18. exd5 Bd4 19. Qd6 Bxb2 20.
Rab1 Bd4 21. Be4 Rc8 22. Qa3 Rc3 23. Qxa7 Bc5 24. Rfc1 Ra3 25. Qb7 Qe7 26.
Qc7 Rc8 27. Qb7 Qd8 28. d6 Raa8 29. Qd5 Bc6 30. Qxe5 Bxd6 31. Qb2 Ba3 32.
Qxb6 Qxb6 33. Rxb6 Bxc1 34. Bxc6 Rxa2 35. Bb7 Rb8 { White resigns } 0-1